 Dungeon Crawl Stone Soup version 0.31.0-9-g3a7656b989 (webtiles) character file.

Game seed: 10449958309661768698

10 qw the Shooter (level 2, -7/16 HPs)
             Began as a Deep Elf Hunter on Feb 2, 2024.
             Mangled by an ogre
             ... wielding a +0 giant spiked club
              (14 damage)
             ... on level 4 of the Dungeon.
             The game lasted 00:00:02 (795 turns).

qw the Shooter (Deep Elf Hunter)                     Turns: 795, Time: 00:00:03

Health: -7/16      AC:  6    Str:  8    XL:     2   Next: 10%
Magic:  4/4        EV:  8    Int: 13    God:
Gold:   42         SH:  0    Dex: 18    Spells: 1/1 levels left

rFire   . . .        a - +0 shortbow (freeze)
rCold   . . .        (shield currently unavailable)
rNeg    . . .        g - +0 scale mail
rPois   .            (no helmet)
rElec   .            (no cloak)
rCorr   .            (no gloves)
SInv    .            (no boots)
Will    .....        (no amulet)
Stlth   +            (no ring)
HPRegen 0.22/turn    (no ring)
MPRegen 0.09/turn

%: no passive effects
@: no status effects
A: no striking features
a: no special abilities


You were on level 4 of the Dungeon.
You visited 1 branch of the dungeon, and saw 3 of its levels.

You collected 42 gold pieces.


   Skills:
 - Level 1.5 Fighting
 + Level 6.0 Ranged Weapons
 - Level 2.4 Dodging
 - Level 1.2 Stealth


You had one spell level left.
You didn't know any spells.
Your spell library was empty.

Inventory:

Hand Weapons
 a - a +0 shortbow of freezing (weapon)
Armour
 c - a +1 ring mail of cold resistance
 g - a +0 scale mail (worn)
Scrolls
 d - 2 scrolls of identify {unknown}
 e - a scroll of revelation {unknown}
 h - a scroll of immolation {unknown}
Potions
 b - a potion of brilliance {unknown}
 f - 2 potions of curing

Dungeon Overview and Level Annotations

Branches:
Dungeon (2/15)

Altars:

Shops:
D:1 !


Message History

The shaft crumbles and collapses.
A goblin comes into view. It is wielding a +0 dagger.
The goblin shouts!
Waypoint 2 assigned to D:4.
You shoot an arrow. The arrow barely misses the goblin.
You hear a shout!
You shoot an arrow. The arrow closely misses the goblin.
A giant cockroach comes into view.
An ogre comes into view. It is wielding a +0 giant spiked club.
You shoot an arrow.
The arrow closely misses the giant cockroach.
The giant cockroach bites you but does no damage.
A jelly comes into view.
The giant cockroach bites you but does no damage.
789 ||| RETREEEEATING.
An endoplasm comes into view.
Found a trident.
The endoplasm quivers.
The ogre hits you with a +0 giant spiked club!
Ouch! That really hurt!
790 ||| RETREEEEATING.
The giant cockroach attacks as it pursues you!
The giant cockroach bites you but does no damage.
791 ||| RETREEEEATING.
792 ||| RETREEEEATING.
You shoot an arrow.
The arrow hits the ogre but does no damage.
The giant cockroach bites you but does no damage.
The ogre barely misses you. The giant cockroach misses you.
You shoot an arrow.
The arrow hits the ogre but does no damage.
The giant cockroach barely misses you. The ogre closely misses you.
The giant cockroach bites you.
You shoot an arrow. The arrow closely misses the ogre.
The arrow hits the endoplasm.
The arrow freezes the endoplasm.
You kill the endoplasm!
The giant cockroach closely misses you.
The ogre hits you with a +0 giant spiked club!
Ouch! That really hurt!
You die...

....... ..
##.....#..
......#.
#..........
......... .
.).#... ..
#..#..# ..
#@##..#J#
##BO#....#
#.g...#
##.#...##
#.......#
#.....#........
#..........#...
#...##.....# .
...## .....##


You could see an ogre, a giant cockroach and a goblin.

Vanquished Creatures
  A bat (D:1)
  An endoplasm (D:4)
  3 hobgoblins (D:1)
  3 quokkas
  A rat (D:2)
9 creatures vanquished.

Notes
Turn   | Place    | Note
-------+----------+-------------------------------------------
     0 | D:1      | qw the Deep Elf Hunter began the quest for the Orb.
     0 | D:1      | Reached XP level 1. HP: 12/12 MP: 3/3
     0 | D:1      | 0 ||| qw: Version: 0.3-a-155-g5e7d8dd
     0 | D:1      | 0 ||| qw: Game counter: 1717
     0 | D:1      | 0 ||| qw: Melee chars always use a shield: true
     0 | D:1      | 0 ||| qw: God list: Okawaru
     0 | D:1      | 0 ||| qw: Allow faded altars: false
     0 | D:1      | 0 ||| qw: Do Orc after clearing Dungeon:15 true
     0 | D:1      | 0 ||| qw: Do second Lair branch before Depths: true
     0 | D:1      | 0 ||| qw: Lair rune preference: random
     0 | D:1      | 0 ||| qw: Goals: Normal
     0 | D:1      | 0 ||| PLANNING D:1-11
     6 | D:1      | Noticed an anaconda
     6 | D:1      | Noticed a swamp drake
     7 | D:1      | Noticed a polar bear
     7 | D:1      | Noticed a lindwurm
   335 | D:1      | Found Piycus's Distillery.
   341 | D:1      | 341 ||| SHOPLISTING 2 potions of curing (66 gold, have 18).
   341 | D:1      | 341 ||| SHOPLISTING potion of enlightenment (55 gold, have
                  | 18).
   341 | D:1      | 341 ||| SHOPLISTING potion of haste (110 gold, have 18).
   341 | D:1      | 341 ||| SHOPLISTING potion of heal wounds (55 gold, have
                  | 18).
   341 | D:1      | 341 ||| SHOPLISTING potion of resistance (110 gold, have
                  | 18).
   364 | D:1      | Reached XP level 2. HP: 16/16 MP: 4/4
   544 | D:1      | 544 ||| UPGRADING to +0 scale mail.
   554 | D:1      | 554 ||| DROPPING +0 leather armour.
   555 | D:1      | 555 ||| READING scroll labelled JEGHOIMAET.
   555 | D:1      | 555 ||| BRANDING +0 shortbow.
   556 | D:1      | 556 ||| READING scroll labelled VAFOAZ AMYTYOWK.
   560 | D:1      | 560 ||| READING scroll labelled SORAPN NIEBE.
   561 | D:1      | 561 ||| DRINKING 2 metallic yellow potions.
   562 | D:1      | 562 ||| DROPPING scroll of butterflies.
   715 | D:2      | Reached skill level 6 in Ranged Weapons
   784 | D:2      | You fall into a shaft and drop 2 floors!
   787 | D:4      | Noticed an ogre
   789 | D:4      | 789 ||| RETREEEEATING.
   790 | D:4      | 790 ||| RETREEEEATING.
   791 | D:4      | 791 ||| RETREEEEATING.
   792 | D:4      | 792 ||| RETREEEEATING.
   795 | D:4      | Mangled by an ogre

Levels and vault maps discovered:
D:1:      onia_arrival_zoo_common, layout_loops_ring, serial_shops, shop
D:2:      minmay_chambers_of_ones, layout_rooms
D:4:      layout_cave_pools, uniq_sigmund

Skill      XL: |  1  2 |
---------------+-------+-----
Ranged Weapons | 6 |  6.0
Fighting       | |  1.5
Dodging        | |  2.4
Stealth        | |  1.2

Action                     || total
---------------------------++-------
   Fire: Shortbow          ||    23
    Use: Scroll            ||     3
         Potion            ||     1
 Armour: Leather armour    ||     1
         Scale mail        ||     7
  Dodge: Dodged            ||    10

Table legend:
 A = Non-vault XP
 B = Vault XP
 C = Vault XP percentage of total XP
 D = Non-vault monster count
 E = Vault monster count
 F = Vault count percentage of total count
                 A         B        C        D         E       F
            +---------+---------+-------+---------+---------+-------
      Total |      17 |       0 |   0.0 |       9 |       0 |   0.0
            +---------+---------+-------+---------+---------+-------
        D:1 |      12 |       0 |   0.0 |       6 |       0 |   0.0
        D:2 |       3 |       0 |   0.0 |       2 |       0 |   0.0
        D:4 |       2 |       0 |   0.0 |       1 |       0 |   0.0
            +---------+---------+-------+---------+---------+-------
